Workbook

Sheet Panel
B2: Cuadro de ventas | J2: Añade o reemplaza pedidos en «Operaciones». Solo escribes en las columnas azules; el resto se calcula solo. | N2: Mes | O2: Ventas | P2: Objetivo | Q2: Comercial | R2: Ventas
N3: Ene | O3: =SUMPRODUCT((Operaciones!$S$2:$S$300)*--(Operaciones!$O$2:$O$300=$C$5)*--(Operaciones!$P$2:$P$300=1)*--(((Operaciones!$D$2:$D$300=$C$6)+($C$6="Todos"))>0)*--(((Operaciones!$E$2:$E$300=$C$7)+($C$7="Todos"))>0)*--(((Operaciones!$F$2:$F$300=$F$6)+($F$6="Todos"))>0)*--(((Operaciones!$N$2:$N$300=$F$7)+($F$7="Todos"))>0)) -> 2614.85 | P3: =SUMIFS(Catalogos!$H$2:$H$25,Catalogos!$F$2:$F$25,$C$5,Catalogos!$G$2:$G$25,1) -> 2100 | Q3: Lara Soto | R3: =SUMPRODUCT((Operaciones!$S$2:$S$300)*--(Operaciones!$O$2:$O$300=$C$5)*--(Operaciones!$D$2:$D$300=Q3)*--(((Operaciones!$E$2:$E$300=$C$7)+($C$7="Todos"))>0)*--(((Operaciones!$F$2:$F$300=$F$6)+($F$6="Todos"))>0)*--(((Operaciones!$N$2:$N$300=$F$7)+($F$7="Todos"))>0)) -> 2527.09
N4: Feb | O4: =SUMPRODUCT((Operaciones!$S$2:$S$300)*--(Operaciones!$O$2:$O$300=$C$5)*--(Operaciones!$P$2:$P$300=2)*--(((Operaciones!$D$2:$D$300=$C$6)+($C$6="Todos"))>0)*--(((Operaciones!$E$2:$E$300=$C$7)+($C$7="Todos"))>0)*--(((Operaciones!$F$2:$F$300=$F$6)+($F$6="Todos"))>0)*--(((Operaciones!$N$2:$N$300=$F$7)+($F$7="Todos"))>0)) -> 2096.42 | P4: =SUMIFS(Catalogos!$H$2:$H$25,Catalogos!$F$2:$F$25,$C$5,Catalogos!$G$2:$G$25,2) -> 2200 | Q4: Iván Mena | R4: =SUMPRODUCT((Operaciones!$S$2:$S$300)*--(Operaciones!$O$2:$O$300=$C$5)*--(Operaciones!$D$2:$D$300=Q4)*--(((Operaciones!$E$2:$E$300=$C$7)+($C$7="Todos"))>0)*--(((Operaciones!$F$2:$F$300=$F$6)+($F$6="Todos"))>0)*--(((Operaciones!$N$2:$N$300=$F$7)+($F$7="Todos"))>0)) -> 2629.26
B5: Año | C5: 2026 | N5: Mar | O5: =SUMPRODUCT((Operaciones!$S$2:$S$300)*--(Operaciones!$O$2:$O$300=$C$5)*--(Operaciones!$P$2:$P$300=3)*--(((Operaciones!$D$2:$D$300=$C$6)+($C$6="Todos"))>0)*--(((Operaciones!$E$2:$E$300=$C$7)+($C$7="Todos"))>0)*--(((Operaciones!$F$2:$F$300=$F$6)+($F$6="Todos"))>0)*--(((Operaciones!$N$2:$N$300=$F$7)+($F$7="Todos"))>0)) -> 1830.36 | P5: =SUMIFS(Catalogos!$H$2:$H$25,Catalogos!$F$2:$F$25,$C$5,Catalogos!$G$2:$G$25,3) -> 2300 | Q5: Elisa Prado | R5: =SUMPRODUCT((Operaciones!$S$2:$S$300)*--(Operaciones!$O$2:$O$300=$C$5)*--(Operaciones!$D$2:$D$300=Q5)*--(((Operaciones!$E$2:$E$300=$C$7)+($C$7="Todos"))>0)*--(((Operaciones!$F$2:$F$300=$F$6)+($F$6="Todos"))>0)*--(((Operaciones!$N$2:$N$300=$F$7)+($F$7="Todos"))>0)) -> 3275.86
B6: Comercial | C6: Todos | E6: Región | F6: Todos | N6: Abr | O6: =SUMPRODUCT((Operaciones!$S$2:$S$300)*--(Operaciones!$O$2:$O$300=$C$5)*--(Operaciones!$P$2:$P$300=4)*--(((Operaciones!$D$2:$D$300=$C$6)+($C$6="Todos"))>0)*--(((Operaciones!$E$2:$E$300=$C$7)+($C$7="Todos"))>0)*--(((Operaciones!$F$2:$F$300=$F$6)+($F$6="Todos"))>0)*--(((Operaciones!$N$2:$N$300=$F$7)+($F$7="Todos"))>0)) -> 2526.4 | P6: =SUMIFS(Catalogos!$H$2:$H$25,Catalogos!$F$2:$F$25,$C$5,Catalogos!$G$2:$G$25,4) -> 2400 | Q6: Noel Vela | R6: =SUMPRODUCT((Operaciones!$S$2:$S$300)*--(Operaciones!$O$2:$O$300=$C$5)*--(Operaciones!$D$2:$D$300=Q6)*--(((Operaciones!$E$2:$E$300=$C$7)+($C$7="Todos"))>0)*--(((Operaciones!$F$2:$F$300=$F$6)+($F$6="Todos"))>0)*--(((Operaciones!$N$2:$N$300=$F$7)+($F$7="Todos"))>0)) -> 635.82
B7: Canal | C7: Todos | E7: Estado | F7: Todos | N7: May | O7: =SUMPRODUCT((Operaciones!$S$2:$S$300)*--(Operaciones!$O$2:$O$300=$C$5)*--(Operaciones!$P$2:$P$300=5)*--(((Operaciones!$D$2:$D$300=$C$6)+($C$6="Todos"))>0)*--(((Operaciones!$E$2:$E$300=$C$7)+($C$7="Todos"))>0)*--(((Operaciones!$F$2:$F$300=$F$6)+($F$6="Todos"))>0)*--(((Operaciones!$N$2:$N$300=$F$7)+($F$7="Todos"))>0)) -> 0 | P7: =SUMIFS(Catalogos!$H$2:$H$25,Catalogos!$F$2:$F$25,$C$5,Catalogos!$G$2:$G$25,5) -> 2450
N8: Jun | O8: =SUMPRODUCT((Operaciones!$S$2:$S$300)*--(Operaciones!$O$2:$O$300=$C$5)*--(Operaciones!$P$2:$P$300=6)*--(((Operaciones!$D$2:$D$300=$C$6)+($C$6="Todos"))>0)*--(((Operaciones!$E$2:$E$300=$C$7)+($C$7="Todos"))>0)*--(((Operaciones!$F$2:$F$300=$F$6)+($F$6="Todos"))>0)*--(((Operaciones!$N$2:$N$300=$F$7)+($F$7="Todos"))>0)) -> 0 | P8: =SUMIFS(Catalogos!$H$2:$H$25,Catalogos!$F$2:$F$25,$C$5,Catalogos!$G$2:$G$25,6) -> 2500
N9: Jul | O9: =SUMPRODUCT((Operaciones!$S$2:$S$300)*--(Operaciones!$O$2:$O$300=$C$5)*--(Operaciones!$P$2:$P$300=7)*--(((Operaciones!$D$2:$D$300=$C$6)+($C$6="Todos"))>0)*--(((Operaciones!$E$2:$E$300=$C$7)+($C$7="Todos"))>0)*--(((Operaciones!$F$2:$F$300=$F$6)+($F$6="Todos"))>0)*--(((Operaciones!$N$2:$N$300=$F$7)+($F$7="Todos"))>0)) -> 0 | P9: =SUMIFS(Catalogos!$H$2:$H$25,Catalogos!$F$2:$F$25,$C$5,Catalogos!$G$2:$G$25,7) -> 2550 | Q9: Categoría | R9: Ventas
B10: Venta neta | E10: Margen bruto | H10: % margen | K10: =IF(H14<0.85,"Revisión: el cumplimiento está por debajo del 85%.","Ritmo correcto: el objetivo anual va encaminado.") -> Revisión: el cumplimiento está por debajo del 85%. | N10: Ago | O10: =SUMPRODUCT((Operaciones!$S$2:$S$300)*--(Operaciones!$O$2:$O$300=$C$5)*--(Operaciones!$P$2:$P$300=8)*--(((Operaciones!$D$2:$D$300=$C$6)+($C$6="Todos"))>0)*--(((Operaciones!$E$2:$E$300=$C$7)+($C$7="Todos"))>0)*--(((Operaciones!$F$2:$F$300=$F$6)+($F$6="Todos"))>0)*--(((Operaciones!$N$2:$N$300=$F$7)+($F$7="Todos"))>0)) -> 0 | P10: =SUMIFS(Catalogos!$H$2:$H$25,Catalogos!$F$2:$F$25,$C$5,Catalogos!$G$2:$G$25,8) -> 2600 | Q10: Kits | R10: =SUMPRODUCT((Operaciones!$S$2:$S$300)*--(Operaciones!$O$2:$O$300=$C$5)*--(Operaciones!$G$2:$G$300=Q10)*--(((Operaciones!$D$2:$D$300=$C$6)+($C$6="Todos"))>0)*--(((Operaciones!$E$2:$E$300=$C$7)+($C$7="Todos"))>0)*--(((Operaciones!$F$2:$F$300=$F$6)+($F$6="Todos"))>0)*--(((Operaciones!$N$2:$N$300=$F$7)+($F$7="Todos"))>0)) -> 1446.49
B11: =SUMPRODUCT((Operaciones!$S$2:$S$300)*--(Operaciones!$O$2:$O$300=$C$5)*--(((Operaciones!$D$2:$D$300=$C$6)+($C$6="Todos"))>0)*--(((Operaciones!$E$2:$E$300=$C$7)+($C$7="Todos"))>0)*--(((Operaciones!$F$2:$F$300=$F$6)+($F$6="Todos"))>0)*--(((Operaciones!$N$2:$N$300=$F$7)+($F$7="Todos"))>0)) -> 9068.03 | E11: =SUMPRODUCT((Operaciones!$U$2:$U$300)*--(Operaciones!$O$2:$O$300=$C$5)*--(((Operaciones!$D$2:$D$300=$C$6)+($C$6="Todos"))>0)*--(((Operaciones!$E$2:$E$300=$C$7)+($C$7="Todos"))>0)*--(((Operaciones!$F$2:$F$300=$F$6)+($F$6="Todos"))>0)*--(((Operaciones!$N$2:$N$300=$F$7)+($F$7="Todos"))>0)) -> 4243.53 | H11: =IFERROR(E11/B11,0) -> 0.46796603 | N11: Sep | O11: =SUMPRODUCT((Operaciones!$S$2:$S$300)*--(Operaciones!$O$2:$O$300=$C$5)*--(Operaciones!$P$2:$P$300=9)*--(((Operaciones!$D$2:$D$300=$C$6)+($C$6="Todos"))>0)*--(((Operaciones!$E$2:$E$300=$C$7)+($C$7="Todos"))>0)*--(((Operaciones!$F$2:$F$300=$F$6)+($F$6="Todos"))>0)*--(((Operaciones!$N$2:$N$300=$F$7)+($F$7="Todos"))>0)) -> 0 | P11: =SUMIFS(Catalogos!$H$2:$H$25,Catalogos!$F$2:$F$25,$C$5,Catalogos!$G$2:$G$25,9) -> 2650 | Q11: Macetas | R11: =SUMPRODUCT((Operaciones!$S$2:$S$300)*--(Operaciones!$O$2:$O$300=$C$5)*--(Operaciones!$G$2:$G$300=Q11)*--(((Operaciones!$D$2:$D$300=$C$6)+($C$6="Todos"))>0)*--(((Operaciones!$E$2:$E$300=$C$7)+($C$7="Todos"))>0)*--(((Operaciones!$F$2:$F$300=$F$6)+($F$6="Todos"))>0)*--(((Operaciones!$N$2:$N$300=$F$7)+($F$7="Todos"))>0)) -> 2302.62
N12: Oct | O12: =SUMPRODUCT((Operaciones!$S$2:$S$300)*--(Operaciones!$O$2:$O$300=$C$5)*--(Operaciones!$P$2:$P$300=10)*--(((Operaciones!$D$2:$D$300=$C$6)+($C$6="Todos"))>0)*--(((Operaciones!$E$2:$E$300=$C$7)+($C$7="Todos"))>0)*--(((Operaciones!$F$2:$F$300=$F$6)+($F$6="Todos"))>0)*--(((Operaciones!$N$2:$N$300=$F$7)+($F$7="Todos"))>0)) -> 0 | P12: =SUMIFS(Catalogos!$H$2:$H$25,Catalogos!$F$2:$F$25,$C$5,Catalogos!$G$2:$G$25,10) -> 2700 | Q12: Semillas | R12: =SUMPRODUCT((Operaciones!$S$2:$S$300)*--(Operaciones!$O$2:$O$300=$C$5)*--(Operaciones!$G$2:$G$300=Q12)*--(((Operaciones!$D$2:$D$300=$C$6)+($C$6="Todos"))>0)*--(((Operaciones!$E$2:$E$300=$C$7)+($C$7="Todos"))>0)*--(((Operaciones!$F$2:$F$300=$F$6)+($F$6="Todos"))>0)*--(((Operaciones!$N$2:$N$300=$F$7)+($F$7="Todos"))>0)) -> 573.86
B13: Pedidos | E13: Ticket medio | H13: Cumplimiento | M13: Objetivo anual | N13: Nov | O13: =SUMPRODUCT((Operaciones!$S$2:$S$300)*--(Operaciones!$O$2:$O$300=$C$5)*--(Operaciones!$P$2:$P$300=11)*--(((Operaciones!$D$2:$D$300=$C$6)+($C$6="Todos"))>0)*--(((Operaciones!$E$2:$E$300=$C$7)+($C$7="Todos"))>0)*--(((Operaciones!$F$2:$F$300=$F$6)+($F$6="Todos"))>0)*--(((Operaciones!$N$2:$N$300=$F$7)+($F$7="Todos"))>0)) -> 0 | P13: =SUMIFS(Catalogos!$H$2:$H$25,Catalogos!$F$2:$F$25,$C$5,Catalogos!$G$2:$G$25,11) -> 2750 | Q13: Iluminación | R13: =SUMPRODUCT((Operaciones!$S$2:$S$300)*--(Operaciones!$O$2:$O$300=$C$5)*--(Operaciones!$G$2:$G$300=Q13)*--(((Operaciones!$D$2:$D$300=$C$6)+($C$6="Todos"))>0)*--(((Operaciones!$E$2:$E$300=$C$7)+($C$7="Todos"))>0)*--(((Operaciones!$F$2:$F$300=$F$6)+($F$6="Todos"))>0)*--(((Operaciones!$N$2:$N$300=$F$7)+($F$7="Todos"))>0)) -> 544.04
B14: =SUMPRODUCT(--(Operaciones!$O$2:$O$300=$C$5)*--(((Operaciones!$D$2:$D$300=$C$6)+($C$6="Todos"))>0)*--(((Operaciones!$E$2:$E$300=$C$7)+($C$7="Todos"))>0)*--(((Operaciones!$F$2:$F$300=$F$6)+($F$6="Todos"))>0)*--(((Operaciones!$N$2:$N$300=$F$7)+($F$7="Todos"))>0)*--(Operaciones!$B$2:$B$300<>"")) -> 36 | E14: =IFERROR(B11/B14,0) -> 251.88972 | H14: =IFERROR(B11/$M$14,0) -> 0.30226767 | M14: =SUMIFS(Catalogos!$H$2:$H$25,Catalogos!$F$2:$F$25,$C$5) -> 30000 | N14: Dic | O14: =SUMPRODUCT((Operaciones!$S$2:$S$300)*--(Operaciones!$O$2:$O$300=$C$5)*--(Operaciones!$P$2:$P$300=12)*--(((Operaciones!$D$2:$D$300=$C$6)+($C$6="Todos"))>0)*--(((Operaciones!$E$2:$E$300=$C$7)+($C$7="Todos"))>0)*--(((Operaciones!$F$2:$F$300=$F$6)+($F$6="Todos"))>0)*--(((Operaciones!$N$2:$N$300=$F$7)+($F$7="Todos"))>0)) -> 0 | P14: =SUMIFS(Catalogos!$H$2:$H$25,Catalogos!$F$2:$F$25,$C$5,Catalogos!$G$2:$G$25,12) -> 2800 | Q14: Sensores | R14: =SUMPRODUCT((Operaciones!$S$2:$S$300)*--(Operaciones!$O$2:$O$300=$C$5)*--(Operaciones!$G$2:$G$300=Q14)*--(((Operaciones!$D$2:$D$300=$C$6)+($C$6="Todos"))>0)*--(((Operaciones!$E$2:$E$300=$C$7)+($C$7="Todos"))>0)*--(((Operaciones!$F$2:$F$300=$F$6)+($F$6="Todos"))>0)*--(((Operaciones!$N$2:$N$300=$F$7)+($F$7="Todos"))>0)) -> 421.2
Q15: Compostaje | R15: =SUMPRODUCT((Operaciones!$S$2:$S$300)*--(Operaciones!$O$2:$O$300=$C$5)*--(Operaciones!$G$2:$G$300=Q15)*--(((Operaciones!$D$2:$D$300=$C$6)+($C$6="Todos"))>0)*--(((Operaciones!$E$2:$E$300=$C$7)+($C$7="Todos"))>0)*--(((Operaciones!$F$2:$F$300=$F$6)+($F$6="Todos"))>0)*--(((Operaciones!$N$2:$N$300=$F$7)+($F$7="Todos"))>0)) -> 1886.7
Q16: Mobiliario | R16: =SUMPRODUCT((Operaciones!$S$2:$S$300)*--(Operaciones!$O$2:$O$300=$C$5)*--(Operaciones!$G$2:$G$300=Q16)*--(((Operaciones!$D$2:$D$300=$C$6)+($C$6="Todos"))>0)*--(((Operaciones!$E$2:$E$300=$C$7)+($C$7="Todos"))>0)*--(((Operaciones!$F$2:$F$300=$F$6)+($F$6="Todos"))>0)*--(((Operaciones!$N$2:$N$300=$F$7)+($F$7="Todos"))>0)) -> 1893.12
N17: Canal | O17: Ventas
N18: Web propia | O18: =SUMPRODUCT((Operaciones!$S$2:$S$300)*--(Operaciones!$O$2:$O$300=$C$5)*--(Operaciones!$E$2:$E$300=N18)*--(((Operaciones!$D$2:$D$300=$C$6)+($C$6="Todos"))>0)*--(((Operaciones!$F$2:$F$300=$F$6)+($F$6="Todos"))>0)*--(((Operaciones!$N$2:$N$300=$F$7)+($F$7="Todos"))>0)) -> 3780.51
N19: Marketplace | O19: =SUMPRODUCT((Operaciones!$S$2:$S$300)*--(Operaciones!$O$2:$O$300=$C$5)*--(Operaciones!$E$2:$E$300=N19)*--(((Operaciones!$D$2:$D$300=$C$6)+($C$6="Todos"))>0)*--(((Operaciones!$F$2:$F$300=$F$6)+($F$6="Todos"))>0)*--(((Operaciones!$N$2:$N$300=$F$7)+($F$7="Todos"))>0)) -> 2002.34
N20: Tienda estudio | O20: =SUMPRODUCT((Operaciones!$S$2:$S$300)*--(Operaciones!$O$2:$O$300=$C$5)*--(Operaciones!$E$2:$E$300=N20)*--(((Operaciones!$D$2:$D$300=$C$6)+($C$6="Todos"))>0)*--(((Operaciones!$F$2:$F$300=$F$6)+($F$6="Todos"))>0)*--(((Operaciones!$N$2:$N$300=$F$7)+($F$7="Todos"))>0)) -> 1335.54
N21: Distribuidor | O21: =SUMPRODUCT((Operaciones!$S$2:$S$300)*--(Operaciones!$O$2:$O$300=$C$5)*--(Operaciones!$E$2:$E$300=N21)*--(((Operaciones!$D$2:$D$300=$C$6)+($C$6="Todos"))>0)*--(((Operaciones!$F$2:$F$300=$F$6)+($F$6="Todos"))>0)*--(((Operaciones!$N$2:$N$300=$F$7)+($F$7="Todos"))>0)) -> 1949.64
B45: Sugerencia: duplica las filas de ejemplo y reemplaza solo las celdas azules de «Operaciones».
B46: El panel se actualiza automáticamente con los filtros superiores.

Sheet Operaciones
A1: Fecha | B1: Pedido | C1: Cliente | D1: Comercial | E1: Canal | F1: Región | G1: Categoría | H1: Producto | I1: Unidades | J1: Precio unitario | K1: Descuento % | L1: Coste unitario | M1: Método pago | N1: Estado | O1: Año | P1: Mes | Q1: Venta bruta | R1: Descuento € | S1: Venta neta | T1: Coste total | U1: Margen bruto | V1: Margen %
A2: 45681 | B2: NV-2501-1001 | C2: Atlas Semilla | D2: Lara Soto | E2: Web propia | F2: Centro | G2: =IFERROR(INDEX(Catalogos!$B$2:$B$9,MATCH(H2,Catalogos!$A$2:$A$9,0)),"") -> Semillas | H2: Pack Semillas Estación | I2: 9 | J2: =IFERROR(INDEX(Catalogos!$C$2:$C$9,MATCH(H2,Catalogos!$A$2:$A$9,0)),0) -> 14 | K2: 0.1 | L2: =IFERROR(INDEX(Catalogos!$D$2:$D$9,MATCH(H2,Catalogos!$A$2:$A$9,0)),0) -> 4.5 | M2: Pago aplazado | N2: Confirmada | O2: =YEAR(A2) -> 2025 | P2: =MONTH(A2) -> 1 | Q2: =I2*J2 -> 126 | R2: =Q2*K2 -> 12.6 | S2: =Q2-R2 -> 113.4 | T2: =I2*L2 -> 40.5 | U2: =S2-T2 -> 72.9 | V2: =IFERROR(U2/S2,0) -> 0.64285714
A3: 45663 | B3: NV-2501-1002 | C3: Punto Brote | D3: Lara Soto | E3: Tienda estudio | F3: Centro | G3: =IFERROR(INDEX(Catalogos!$B$2:$B$9,MATCH(H3,Catalogos!$A$2:$A$9,0)),"") -> Semillas | H3: Pack Semillas Estación | I3: 11 | J3: =IFERROR(INDEX(Catalogos!$C$2:$C$9,MATCH(H3,Catalogos!$A$2:$A$9,0)),0) -> 14 | K3: 0 | L3: =IFERROR(INDEX(Catalogos!$D$2:$D$9,MATCH(H3,Catalogos!$A$2:$A$9,0)),0) -> 4.5 | M3: Transferencia | N3: Confirmada | O3: =YEAR(A3) -> 2025 | P3: =MONTH(A3) -> 1 | Q3: =I3*J3 -> 154 | R3: =Q3*K3 -> 0 | S3: =Q3-R3 -> 154 | T3: =I3*L3 -> 49.5 | U3: =S3-T3 -> 104.5 | V3: =IFERROR(U3/S3,0) -> 0.67857143
A4: 45675 | B4: NV-2501-1003 | C4: Balcón Norte | D4: Elisa Prado | E4: Marketplace | F4: Levante | G4: =IFERROR(INDEX(Catalogos!$B$2:$B$9,MATCH(H4,Catalogos!$A$2:$A$9,0)),"") -> Kits | H4: Kit Microhuerto | I4: 9 | J4: =IFERROR(INDEX(Catalogos!$C$2:$C$9,MATCH(H4,Catalogos!$A$2:$A$9,0)),0) -> 79 | K4: 0 | L4: =IFERROR(INDEX(Catalogos!$D$2:$D$9,MATCH(H4,Catalogos!$A$2:$A$9,0)),0) -> 42 | M4: Pago aplazado | N4: Entregada | O4: =YEAR(A4) -> 2025 | P4: =MONTH(A4) -> 1 | Q4: =I4*J4 -> 711 | R4: =Q4*K4 -> 0 | S4: =Q4-R4 -> 711 | T4: =I4*L4 -> 378 | U4: =S4-T4 -> 333 | V4: =IFERROR(U4/S4,0) -> 0.46835443
A5: 45683 | B5: NV-2501-1004 | C5: Ladera Clara | D5: Lara Soto | E5: Marketplace | F5: Centro | G5: =IFERROR(INDEX(Catalogos!$B$2:$B$9,MATCH(H5,Catalogos!$A$2:$A$9,0)),"") -> Compostaje | H5: Compostera Compacta | I5: 1 | J5: =IFERROR(INDEX(Catalogos!$C$2:$C$9,MATCH(H5,Catalogos!$A$2:$A$9,0)),0) -> 95 | K5: 0 | L5: =IFERROR(INDEX(Catalogos!$D$2:$D$9,MATCH(H5,Catalogos!$A$2:$A$9,0)),0) -> 51 | M5: Tarjeta | N5: Entregada | O5: =YEAR(A5) -> 2025 | P5: =MONTH(A5) -> 1 | Q5: =I5*J5 -> 95 | R5: =Q5*K5 -> 0 | S5: =Q5-R5 -> 95 | T5: =I5*L5 -> 51 | U5: =S5-T5 -> 44 | V5: =IFERROR(U5/S5,0) -> 0.46315789
A6: 45660 | B6: NV-2501-1005 | C6: Atlas Semilla | D6: Lara Soto | E6: Web propia | F6: Levante | G6: =IFERROR(INDEX(Catalogos!$B$2:$B$9,MATCH(H6,Catalogos!$A$2:$A$9,0)),"") -> Macetas | H6: Maceta Autorriego S | I6: 7 | J6: =IFERROR(INDEX(Catalogos!$C$2:$C$9,MATCH(H6,Catalogos!$A$2:$A$9,0)),0) -> 24 | K6: 0 | L6: =IFERROR(INDEX(Catalogos!$D$2:$D$9,MATCH(H6,Catalogos!$A$2:$A$9,0)),0) -> 11.5 | M6: Transferencia | N6: Confirmada | O6: =YEAR(A6) -> 2025 | P6: =MONTH(A6) -> 1 | Q6: =I6*J6 -> 168 | R6: =Q6*K6 -> 0 | S6: =Q6-R6 -> 168 | T6: =I6*L6 -> 80.5 | U6: =S6-T6 -> 87.5 | V6: =IFERROR(U6/S6,0) -> 0.52083333
A7: 45677 | B7: NV-2501-1006 | C7: Atlas Semilla | D7: Iván Mena | E7: Web propia | F7: Sur | G7: =IFERROR(INDEX(Catalogos!$B$2:$B$9,MATCH(H7,Catalogos!$A$2:$A$9,0)),"") -> Macetas | H7: Maceta Autorriego S | I7: 5 | J7: =IFERROR(INDEX(Catalogos!$C$2:$C$9,MATCH(H7,Catalogos!$A$2:$A$9,0)),0) -> 24 | K7: 0.05 | L7: =IFERROR(INDEX(Catalogos!$D$2:$D$9,MATCH(H7,Catalogos!$A$2:$A$9,0)),0) -> 11.5 | M7: Tarjeta | N7: Confirmada | O7: =YEAR(A7) -> 2025 | P7: =MONTH(A7) -> 1 | Q7: =I7*J7 -> 120 | R7: =Q7*K7 -> 6 | S7: =Q7-R7 -> 114 | T7: =I7*L7 -> 57.5 | U7: =S7-T7 -> 56.5 | V7: =IFERROR(U7/S7,0) -> 0.49561404
A8: 45682 | B8: NV-2501-1007 | C8: Balcón Norte | D8: Lara Soto | E8: Marketplace | F8: Levante | G8: =IFERROR(INDEX(Catalogos!$B$2:$B$9,MATCH(H8,Catalogos!$A$2:$A$9,0)),"") -> Macetas | H8: Maceta Autorriego S | I8: 7 | J8: =IFERROR(INDEX(Catalogos!$C$2:$C$9,MATCH(H8,Catalogos!$A$2:$A$9,0)),0) -> 24 | K8: 0 | L8: =IFERROR(INDEX(Catalogos!$D$2:$D$9,MATCH(H8,Catalogos!$A$2:$A$9,0)),0) -> 11.5 | M8: Pago aplazado | N8: Confirmada | O8: =YEAR(A8) -> 2025 | P8: =MONTH(A8) -> 1 | Q8: =I8*J8 -> 168 | R8: =Q8*K8 -> 0 | S8: =Q8-R8 -> 168 | T8: =I8*L8 -> 80.5 | U8: =S8-T8 -> 87.5 | V8: =IFERROR(U8/S8,0) -> 0.52083333
A9: 45665 | B9: NV-2501-1008 | C9: Atlas Semilla | D9: Noel Vela | E9: Tienda estudio | F9: Sur | G9: =IFERROR(INDEX(Catalogos!$B$2:$B$9,MATCH(H9,Catalogos!$A$2:$A$9,0)),"") -> Mobiliario | H9: Mesa de Germinación | I9: 8 | J9: =IFERROR(INDEX(Catalogos!$C$2:$C$9,MATCH(H9,Catalogos!$A$2:$A$9,0)),0) -> 128 | K9: 0 | L9: =IFERROR(INDEX(Catalogos!$D$2:$D$9,MATCH(H9,Catalogos!$A$2:$A$9,0)),0) -> 76 | M9: Tarjeta | N9: Entregada | O9: =YEAR(A9) -> 2025 | P9: =MONTH(A9) -> 1 | Q9: =I9*J9 -> 1024 | R9: =Q9*K9 -> 0 | S9: =Q9-R9 -> 1024 | T9: =I9*L9 -> 608 | U9: =S9-T9 -> 416 | V9: =IFERROR(U9/S9,0) -> 0.40625
A10: 45695 | B10: NV-2502-1009 | C10: Mirador Botánico | D10: Lara Soto | E10: Tienda estudio | F10: Sur | G10: =IFERROR(INDEX(Catalogos!$B$2:$B$9,MATCH(H10,Catalogos!$A$2:$A$9,0)),"") -> Semillas | H10: Pack Semillas Estación | I10: 9 | J10: =IFERROR(INDEX(Catalogos!$C$2:$C$9,MATCH(H10,Catalogos!$A$2:$A$9,0)),0) -> 14 | K10: 0 | L10: =IFERROR(INDEX(Catalogos!$D$2:$D$9,MATCH(H10,Catalogos!$A$2:$A$9,0)),0) -> 4.5 | M10: Pago aplazado | N10: Confirmada | O10: =YEAR(A10) -> 2025 | P10: =MONTH(A10) -> 2 | Q10: =I10*J10 -> 126 | R10: =Q10*K10 -> 0 | S10: =Q10-R10 -> 126 | T10: =I10*L10 -> 40.5 | U10: =S10-T10 -> 85.5 | V10: =IFERROR(U10/S10,0) -> 0.67857143
A11: 45708 | B11: NV-2502-1010 | C11: Lumen Patio | D11: Noel Vela | E11: Web propia | F11: Sur | G11: =IFERROR(INDEX(Catalogos!$B$2:$B$9,MATCH(H11,Catalogos!$A$2:$A$9,0)),"") -> Semillas | H11: Pack Semillas Estación | I11: 7 | J11: =IFERROR(INDEX(Catalogos!$C$2:$C$9,MATCH(H11,Catalogos!$A$2:$A$9,0)),0) -> 14 | K11: 0 | L11: =IFERROR(INDEX(Catalogos!$D$2:$D$9,MATCH(H11,Catalogos!$A$2:$A$9,0)),0) -> 4.5 | M11: Pago aplazado | N11: Entregada | O11: =YEAR(A11) -> 2025 | P11: =MONTH(A11) -> 2 | Q11: =I11*J11 -> 98 | R11: =Q11*K11 -> 0 | S11: =Q11-R11 -> 98 | T11: =I11*L11 -> 31.5 | U11: =S11-T11 -> 66.5 | V11: =IFERROR(U11/S11,0) -> 0.67857143
A12: 45696 | B12: NV-2502-1011 | C12: Nido Urbano | D12: Iván Mena | E12: Tienda estudio | F12: Sur | G12: =IFERROR(INDEX(Catalogos!$B$2:$B$9,MATCH(H12,Catalogos!$A$2:$A$9,0)),"") -> Macetas | H12: Maceta Autorriego S | I12: 11 | J12: =IFERROR(INDEX(Catalogos!$C$2:$C$9,MATCH(H12,Catalogos!$A$2:$A$9,0)),0) -> 24 | K12: 0.1 | L12: =IFERROR(INDEX(Catalogos!$D$2:$D$9,MATCH(H12,Catalogos!$A$2:$A$9,0)),0) -> 11.5 | M12: Tarjeta | N12: Entregada | O12: =YEAR(A12) -> 2025 | P12: =MONTH(A12) -> 2 | Q12: =I12*J12 -> 264 | R12: =Q12*K12 -> 26.4 | S12: =Q12-R12 -> 237.6 | T12: =I12*L12 -> 126.5 | U12: =S12-T12 -> 111.1 | V12: =IFERROR(U12/S12,0) -> 0.46759259
A13: 45708 | B13: NV-2502-1012 | C13: Lumen Patio | D13: Noel Vela | E13: Marketplace | F13: Levante | G13: =IFERROR(INDEX(Catalogos!$B$2:$B$9,MATCH(H13,Catalogos!$A$2:$A$9,0)),"") -> Semillas | H13: Pack Semillas Estación | I13: 5 | J13: =IFERROR(INDEX(Catalogos!$C$2:$C$9,MATCH(H13,Catalogos!$A$2:$A$9,0)),0) -> 14 | K13: 0 | L13: =IFERROR(INDEX(Catalogos!$D$2:$D$9,MATCH(H13,Catalogos!$A$2:$A$9,0)),0) -> 4.5 | M13: Bizum | N13: Confirmada | O13: =YEAR(A13) -> 2025 | P13: =MONTH(A13) -> 2 | Q13: =I13*J13 -> 70 | R13: =Q13*K13 -> 0 | S13: =Q13-R13 -> 70 | T13: =I13*L13 -> 22.5 | U13: =S13-T13 -> 47.5 | V13: =IFERROR(U13/S13,0) -> 0.67857143
... A133: 46115 | B133: NV-2604-1132 | C133: Patio Solar | D133: Iván Mena | E133: Distribuidor | F133: Sur | G133: =IFERROR(INDEX(Catalogos!$B$2:$B$9,MATCH(H133,Catalogos!$A$2:$A$9,0)),"") -> Semillas | H133: Pack Semillas Estación | I133: 2 | J133: =IFERROR(INDEX(Catalogos!$C$2:$C$9,MATCH(H133,Catalogos!$A$2:$A$9,0)),0) -> 14 | K133: 0.07 | L133: =IFERROR(INDEX(Catalogos!$D$2:$D$9,MATCH(H133,Catalogos!$A$2:$A$9,0)),0) -> 4.5 | M133: Transferencia | N133: Pendiente cobro | O133: =YEAR(A133) -> 2026 | P133: =MONTH(A133) -> 4 | Q133: =I133*J133 -> 28 | R133: =Q133*K133 -> 1.96 | S133: =Q133-R133 -> 26.04 | T133: =I133*L133 -> 9 | U133: =S133-T133 -> 17.04 | V133: =IFERROR(U133/S133,0) -> 0.65437788

Sheet Catalogos
A1: Producto | B1: Categoría | C1: Precio lista | D1: Coste unitario | F1: Año | G1: Mes | H1: Objetivo ventas | J1: Comerciales | K1: Canales | L1: Regiones | M1: Métodos pago | N1: Estados | O1: Años | Q1: Filtro comerciales | R1: Filtro canales | S1: Filtro regiones | T1: Filtro estados
A2: Kit Microhuerto | B2: Kits | C2: 79 | D2: 42 | F2: 2025 | G2: 1 | H2: 1800 | J2: Lara Soto | K2: Web propia | L2: Norte | M2: Tarjeta | N2: Confirmada | O2: 2025 | Q2: Todos | R2: Todos | S2: Todos | T2: Todos
A3: Maceta Autorriego S | B3: Macetas | C3: 24 | D3: 11.5 | F3: 2025 | G3: 2 | H3: 1900 | J3: Iván Mena | K3: Marketplace | L3: Centro | M3: Transferencia | N3: Pendiente cobro | O3: 2026 | Q3: Lara Soto | R3: Web propia | S3: Norte | T3: Confirmada
A4: Maceta Autorriego XL | B4: Macetas | C4: 42 | D4: 21 | F4: 2025 | G4: 3 | H4: 1950 | J4: Elisa Prado | K4: Tienda estudio | L4: Levante | M4: Bizum | N4: Entregada | Q4: Iván Mena | R4: Marketplace | S4: Centro | T4: Pendiente cobro
A5: Pack Semillas Estación | B5: Semillas | C5: 14 | D5: 4.5 | F5: 2025 | G5: 4 | H5: 2050 | J5: Noel Vela | K5: Distribuidor | L5: Sur | M5: Pago aplazado | Q5: Elisa Prado | R5: Tienda estudio | S5: Levante | T5: Entregada
A6: Lámpara Cultivo Mini | B6: Iluminación | C6: 58 | D6: 31 | F6: 2025 | G6: 5 | H6: 2150 | Q6: Noel Vela | R6: Distribuidor | S6: Sur
A7: Sensor de Riego | B7: Sensores | C7: 36 | D7: 17 | F7: 2025 | G7: 6 | H7: 2200
A8: Compostera Compacta | B8: Compostaje | C8: 95 | D8: 51 | F8: 2025 | G8: 7 | H8: 2250
A9: Mesa de Germinación | B9: Mobiliario | C9: 128 | D9: 76 | F9: 2025 | G9: 8 | H9: 2300
F10: 2025 | G10: 9 | H10: 2350
F11: 2025 | G11: 10 | H11: 2450
F12: 2025 | G12: 11 | H12: 2550
F13: 2025 | G13: 12 | H13: 2650
F14: 2026 | G14: 1 | H14: 2100
F15: 2026 | G15: 2 | H15: 2200
F16: 2026 | G16: 3 | H16: 2300
F17: 2026 | G17: 4 | H17: 2400
F18: 2026 | G18: 5 | H18: 2450
F19: 2026 | G19: 6 | H19: 2500
F20: 2026 | G20: 7 | H20: 2550
F21: 2026 | G21: 8 | H21: 2600
... F25: 2026 | G25: 12 | H25: 2800
